 Dungeon Crawl Stone Soup version 0.25.1-2-g60ff931df9 (webtiles) character file.

Game seed: 9941925754365582811

100 DaltonRaccoon the Gusty (level 4, -1/34 HPs)
             Began as a Draconian Air Elementalist on Nov 15, 2020.
             Slain by a gnoll
             ... wielding a +1 whip of electrocution
              (18 damage)
             ... on level 3 of the Dungeon.
             The game lasted 00:08:09 (2497 turns).

DaltonRaccoon the Gusty (DrAE)                      Turns: 2497, Time: 00:08:10

Health: -1/34      AC:  6    Str: 10    XL:     4   Next: 46%
Magic:  0/7        EV: 12    Int: 17    God:
Gold:   118        SH:  0    Dex: 11    Spells: 6/7 levels left

rFire    . . .     SeeInvis .   (no weapon)
rCold    . . .     Gourm    .   (no shield)
rNeg     . . .     Faith    .   (armour unavailable)
rPois    .         Spirit   .   (helmet restricted)
rElec    .         Reflect  .   (no cloak)
rCorr    .         Harm     .   (no gloves)
MR       .....                  i - +0 pair of boots (curse)
Stlth    ++........             (no amulet)
HPRegen  0.11/turn              (no ring)
MPRegen  0.10/turn              (no ring)

@: very slightly contaminated
A: unfitting armour, cold-blooded, AC +5
a: no special abilities


You were on level 3 of the Dungeon.
You were not hungry.

You visited 1 branch of the dungeon, and saw 3 of its levels.

You collected 118 gold pieces.

Inventory:

Armour
 i - a cursed +0 pair of boots (worn)
Jewellery
 c - an uncursed amulet of the acrobat {unknown}
Scrolls
 a - 2 scrolls of fear {unknown}
 e - 5 scrolls of identify {unknown}
 g - a scroll of amnesia {unknown}
 h - a scroll of teleportation {unknown}
 l - a scroll of random uselessness {unknown}
Potions
 d - a potion of invisibility {unknown}
 f - a potion of mutation {unknown}
 k - a potion of curing {unknown}
Comestibles
 b - 4 rations
 j - 12 chunks of flesh


   Skills:
 + Level 0.5 Fighting
 - Level 1.7 Dodging
 - Level 1.7 Stealth
 - Level 2.0 Spellcasting
 + Level 2.4 Conjurations
 * Level 4.6 Air Magic


You had 6 spell levels left.
You knew the following spells:

 Your Spells              Type           Power        Failure   Level  Hunger
a - Shock                 Conj/Air       ##..         4%          1    #......

Your spell library contained the following spells:

 Spells                   Type           Power        Failure   Level  Hunger
 Swiftness                Chrm/Air       #.......     12%         2    ###....
 Static Discharge         Conj/Air       ##......     14%         3    ###....
 Airstrike                Air            ###.......   28%         4    #####..
 Lightning Bolt           Conj/Air       ##........   77%         5    ######.


Dungeon Overview and Level Annotations

Branches:
Dungeon (3/15)

Altars:

Annotations:
D:3 1 transporter, KittyFluff's ghost, amateur DrBe


Innate Abilities, Weirdness & Mutations

Your plain brown scales are hard. (AC +5)
You cannot fit into any form of body armour.
You are cold-blooded and may be slowed by cold attacks.


Message History

The gnoll is severely wounded.
The zap hits the gnoll.
The gnoll is almost dead.
The gnoll barely misses you.
The gnoll hits you from afar with a +0 spear!
Casting: Shock (safe; 4% risk of failure)
Confirm with . or Enter, or press ? or * to list all spells.
Aiming: Shock (safe; 4% risk of failure)
Press: ? - help, Shift-Dir - straight line, f/p - gnoll
Aim: a gnoll, wielding a +0 spear and quivering a throwing net (severely wounded)
The zap hits the gnoll.
You kill the gnoll!
The zap hits the gnoll.
You kill the gnoll!
The gnoll hits you with a +1 whip of electrocution.
You rip the net and break free!
The gnoll hits you with a +1 whip of electrocution.
You are electrocuted!!
Ouch! That really hurt!
You die...

################
.....)).@......##
#######g....##..####
...................##
.######........♣.....
#.......♣.♣..#
.......##.♣._.♣.
######.##..♣.♣..#
#####.#....♣....
......#........#


You could see a gnoll.

Vanquished Creatures
  2 gnolls (D:3)
  3 adders (D:2)
  An ooze (D:1)
  2 dart slugs
  3 leopard geckos
  2 giant cockroaches
  10 hobgoblins
  A quokka (D:3)
  4 bats
  4 frilled lizards
  4 goblins
  5 kobolds
  4 rats
45 creatures vanquished.

Notes
Turn   | Place    | Note
-------+----------+-------------------------------------------
     0 | D:1      | DaltonRaccoon the Draconian Air Elementalist began the
                  | quest for the Orb.
     0 | D:1      | Reached XP level 1. HP: 14/14 MP: 3/3
   177 | D:1      | Reached XP level 2. HP: 20/20 MP: 3/5
  1250 | D:2      | Reached XP level 3. HP: 26/26 MP: 4/6
  1500 | D:2      | Reached skill level 4 in Air Magic
  2092 | D:3      | Found a transporter.
  2111 | D:3      | Noticed a small abomination
  2113 | D:3      | Noticed a small abomination
  2122 | D:3      | Noticed a small abomination
  2125 | D:3      | Noticed KittyFluff's ghost (amateur DrBe)
  2289 | D:3      | Reached XP level 4. HP: 33/33 MP: 5/7
  2470 | D:3      | Found a faded altar of an unknown god.
  2497 | D:3      | Slain by a gnoll

Illustrated notes

Levels and vault maps discovered:
D:1:      dpeg_arrival_leaves_temple_mockup, layout_loops_ring
D:2:      layout_loops_ring
D:3:      layout_loops_ring, nemelex_xobeh_ov_fountains_minmay,
          chequers_ecumenical_altar_simple_redux,
          gammafunk_ghost_abyssal_escape, uniq_ijyb

Skill      XL: |  1  2  3 |
---------------+----------+-----
Conjurations   | 2 |  2.4
Air Magic      | 4 |  4.6
Fighting       | |  0.5
Dodging        | |  1.7
Stealth        | |  1.7
Spellcasting   | |  2.0

Action                   |  1- 3 |  4- 6 || total
-------------------------+-------+-------++-------
Melee: Unarmed           |    59 |     5 ||    64
       Tailslap          |     8 |     1 ||     9
 Cast: Shock             |    37 |    18 ||    55
 Stab: Sleeping          |     1 |       ||     1
  Eat: Chunk             |     5 |     1 ||     6
Armor: Skin              |    24 |     3 ||    27
Dodge: Dodged            |    43 |    12 ||    55
